[Event "WYCC 2018 G14"]
[Site "Halkidiki"]
[Date "2018.10.28"]
[Round "9"]
[White "Rodriguez Redondo, Adhara"]
[Black "Yedigaryan, Asya"]
[Result "1-0"]
[ECO "B10"]
[WhiteElo "1911"]
[BlackElo "1726"]
[Annotator "NA"]
[PlyCount "69"]
[EventDate "2018.10.20"]
[EventType "swiss"]
[EventCountry "GRE"]
[SourceTitle "playchess.com"]
[Source "ChessBase"]
[SourceQuality "1"]
[TimeControl "40/5400+30:1800+30"]

1. e4 c6 2. Nf3 d5 3. exd5 cxd5 4. Ne5 Nf6 5. d4 Nc6 6. Bb5 Bd7 7. Nxd7 Qxd7 8. c3 e6 9. Nd2 Bd6 10. Nf3 Qc7 11. O-O O-O 12. Bd3 Ne4 13. g3 f5 14. Qe2 Rf6 15. Ne1 f4 16. Bxe4 dxe4 17. Qxe4 Raf8 18. f3 fxg3 19. h3 Qf7 20. Kg2 Bf4 21. Nd3 Bxc1 22. Raxc1 Qh5 23. Nc5 Qh6 24. Rce1 Nd8 25. Qe3 Qh5 26. Ne4 Rf4 27. Qd3 Nf7 28. Qc4 Re8 29. a4 a6 30. Qc5 Qg6 31. Qc7 Rf5 32. Qd7 Rf8 33. Qxb7 Nh6 34. Qxa6 Rf4 35. Qd6 1-0

[Event "WYCC 2018 G14"]
[Site "Halkidiki"]
[Date "2018.10.28"]
[Round "9"]
[White "Ehsani, Yassamin"]
[Black "Maciulaityte, Barbora"]
[Result "1-0"]
[ECO "D80"]
[WhiteElo "1875"]
[BlackElo "1715"]
[Annotator "NA"]
[PlyCount "98"]
[EventDate "2018.10.20"]
[EventType "swiss"]
[EventCountry "GRE"]
[SourceTitle "playchess.com"]
[Source "ChessBase"]
[SourceQuality "1"]
[TimeControl "40/5400+30:1800+30"]

1. d4 Nf6 2. c4 g6 3. Nc3 d5 4. Bg5 Ne4 5. Bh4 Nxc3 6. bxc3 Bg7 7. cxd5 Qxd5 8. e3 c5 9. Qf3 Be6 10. Qxd5 Bxd5 11. Nf3 Nc6 12. Rb1 b6 13. a3 O-O 14. Bd3 f5 15. Bb5 e6 16. O-O Na5 17. Nd2 Bc6 18. Bxc6 Nxc6 19. Nf3 cxd4 20. cxd4 Rfc8 21. Rfc1 Na5 22. h3 Bf8 23. a4 Bd6 24. Bg3 Bxg3 25. fxg3 Nc4 26. Rc3 Nd6 27. Rbc1 Rxc3 28. Rxc3 Ne4 29. Rc6 Re8 30. g4 Re7 31. g5 Kf8 32. h4 Kg7 33. Kf1 h6 34. Ke2 hxg5 35. hxg5 Kf8 36. Kd3 Nf2+ 37. Kc2 Ng4 38. Kd2 Kf7 39. Ke2 Rb7 40. Nd2 Ke7 41. Rc8 e5 42. Rh8 Rd7 43. Nf3 exd4 44. exd4 Ke6 45. Rc8 Kd5 46. Rg8 Rd6 47. Nh4 Re6+ 48. Kd2 Kxd4 49. Rxg6 Re5 1-0

[Event "WYCC 2018 G14"]
[Site "Halkidiki"]
[Date "2018.10.28"]
[Round "9"]
[White "Bardorz, Jana"]
[Black "Villanyi, Alexia"]
[Result "1/2-1/2"]
[ECO "B78"]
[WhiteElo "1810"]
[BlackElo "1709"]
[Annotator "NA"]
[PlyCount "112"]
[EventDate "2018.10.20"]
[EventType "swiss"]
[EventCountry "GRE"]
[SourceTitle "playchess.com"]
[Source "ChessBase"]
[SourceQuality "1"]
[TimeControl "40/5400+30:1800+30"]

1. e4 c5 2. Nf3 Nc6 3. d4 cxd4 4. Nxd4 Nf6 5. Nc3 g6 6. Be3 Bg7 7. f3 O-O 8. Bc4 d6 9. Qd2 Bd7 10. O-O-O Rc8 11. Bb3 Nxd4 12. Bxd4 b5 13. Bxa7 b4 14. Nd5 Nxd5 15. exd5 Qa5 16. Bd4 Ba4 17. Qe3 Ra8 18. Kb1 Rfc8 19. Bxg7 Kxg7 20. h4 Bxb3 21. Qxb3 Qc5 22. Rc1 Rab8 23. Rhe1 Qf2 24. Rxe7 Qxh4 25. Re4 Qg5 26. Rxb4 Rxb4 27. Qxb4 Qxd5 28. Qb3 Qg5 29. g4 h5 30. gxh5 gxh5 31. Qd3 Qf6 32. Rg1+ Kh6 33. Qe3+ Kh7 34. Rg5 Rc5 35. Rxc5 dxc5 36. a4 h4 37. Qe4+ Kh6 38. Qg4 Qg5 39. Qc8 Qg3 40. Qh8+ Kg6 41. Qg8+ Kf6 42. Qh8+ Ke7 43. Qc3 h3 44. Qxc5+ Kf6 45. Qd4+ Kg6 46. Qe4+ Kg7 47. Qd4+ Kg8 48. Qd8+ Kh7 49. Qd3+ Qg6 50. Qf1 h2 51. Qh3+ Qh6 52. Qf5+ Kh8 53. Qe5+ Kg8 54. Qe8+ Qf8 55. Qe1 Qd6 56. a5 Qh6 1/2-1/2

[Event "WYCC 2018 G14"]
[Site "Halkidiki"]
[Date "2018.10.28"]
[Round "9"]
[White "Anghel, Maria"]
[Black "Dylag, Emilia"]
[Result "0-1"]
[ECO "A43"]
[WhiteElo "1801"]
[BlackElo "2059"]
[Annotator "NA"]
[PlyCount "98"]
[EventDate "2018.10.20"]
[EventType "swiss"]
[EventCountry "GRE"]
[SourceTitle "playchess.com"]
[Source "ChessBase"]
[SourceQuality "1"]
[TimeControl "40/5400+30:1800+30"]

1. d4 c5 2. d5 d6 3. Nc3 g6 4. Nf3 Bg7 5. e4 Nf6 6. Bb5+ Nbd7 7. a4 a6 8. Be2 O-O 9. O-O Ne8 10. Re1 Qc7 11. Bf1 b6 12. Nd2 e5 13. dxe6 fxe6 14. h3 Rb8 15. Nf3 Ne5 16. Nxe5 Bxe5 17. Bh6 Ng7 18. Qd2 Qf7 19. Bc4 Bb7 20. Rad1 Rbd8 21. Qe2 Bd4 22. Rd2 d5 23. exd5 exd5 24. Ba2 Rde8 25. Be3 Bxc3 26. bxc3 Nf5 27. Qd1 Nxe3 28. fxe3 c4 29. Qe2 Re4 30. Rd4 Qe6 31. Qd2 Bc6 32. Rd1 b5 33. axb5 axb5 34. Re1 g5 35. Bb1 Re8 36. Kf2 Qf5+ 37. Kg1 h5 38. Qe2 Qg6 39. Qf2 Rf8 40. Qg3 Rfe8 41. h4 g4 42. Qf2 g3 43. Qf3 Rf8 44. Qe2 Rf2 45. Qd1 Qf6 46. Re2 Rxe3 47. Red2 b4 48. cxb4 c3 49. R2d3 Rxg2+ 0-1

[Event "WYCC 2018 G14"]
[Site "Halkidiki"]
[Date "2018.10.28"]
[Round "9"]
[White "Zhou, Iris"]
[Black "Nguyen, Thien Ngan"]
[Result "1-0"]
[ECO "C54"]
[WhiteElo "1779"]
[BlackElo "1888"]
[Annotator "NA"]
[PlyCount "155"]
[EventDate "2018.10.20"]
[EventType "swiss"]
[EventCountry "GRE"]
[SourceTitle "playchess.com"]
[Source "ChessBase"]
[SourceQuality "1"]
[TimeControl "40/5400+30:1800+30"]

1. e4 e5 2. Nf3 Nc6 3. Bc4 Bc5 4. c3 Nf6 5. d3 a6 6. Bb3 Ba7 7. Nbd2 O-O 8. Qe2 d5 9. Nf1 Qd6 10. h3 dxe4 11. dxe4 Na5 12. Ng3 Nxb3 13. axb3 Be6 14. b4 b5 15. Nd2 Nd7 16. O-O c5 17. bxc5 Nxc5 18. Nf5 Qd3 19. Qg4 Bxf5 20. exf5 Rfe8 21. b4 Nd7 22. Ne4 h5 23. Qh4 Rec8 24. f6 g6 25. Bh6 Rc4 26. Rae1 Nf8 27. Bxf8 Kxf8 28. Qg5 Rxe4 29. Qh6+ Ke8 30. Rd1 Bxf2+ 31. Kh1 Qxf1+ 32. Rxf1 Kd7 33. Rxf2 Ke6 34. Qd2 Rc4 35. Rf3 Rac8 36. Qa2 R8c6 37. Qa5 e4 38. Rf1 Rd6 39. Qa2 Rdc6 40. Qd2 Rxc3 41. Qd8 Rc7 42. Qe8+ Kd5 43. Rd1+ Kc4 44. Qxe4+ Kb3 45. Qb1+ Ka4 46. Qa2+ Ra3 47. Qd2 Rac3 48. Qd6 R3c6 49. Ra1+ Kb3 50. Rb1+ Ka3 51. Qd4 Rc3 52. Ra1+ Kb3 53. Rxa6 R3c4 54. Qd6 h4 55. Ra1 Kb2 56. Rf1 Kb3 57. Re1 R4c6 58. Qd5+ Kxb4 59. Rb1+ Ka3 60. Qxb5 Rc1+ 61. Rxc1 Rxc1+ 62. Kh2 Rc3 63. Qd7 Kb4 64. Qxf7 Rc5 65. Qe7 Kc4 66. f7 Rf5 67. f8=Q Rxf8 68. Qxf8 Kd5 69. Qf7+ Ke5 70. Qxg6 Kf4 71. Qg4+ Ke5 72. Qxh4 Kf5 73. Qe7 Kg6 74. Kg3 Kh5 75. Kf4 Kg6 76. h4 Kh6 77. h5 Kxh5 78. Qh7# 1-0

[Event "WYCC 2018 G14"]
[Site "Halkidiki"]
[Date "2018.10.28"]
[Round "9"]
[White "Bellahcene, Sofia"]
[Black "Woods, Charisse"]
[Result "0-1"]
[ECO "B45"]
[WhiteElo "1764"]
[BlackElo "1511"]
[Annotator "NA RC"]
[PlyCount "70"]
[EventDate "2018.10.20"]
[EventType "swiss"]
[EventCountry "GRE"]
[SourceTitle "playchess.com"]
[Source "ChessBase"]
[SourceQuality "1"]
[TimeControl "40/5400+30:1800+30"]

1. e4 c5 2. Ne2 Nc6 3. Nbc3 e6 4. d4 cxd4 5. Nxd4 Bc5 6. Ndb5 d6 7. Na4 a6 8. Nxc5 axb5 9. Nb3 Nf6 10. Bg5 b4 11. Bb5 O-O 12. Qe2 h6 13. Bd2 Qb6 14. Be3 Qc7 15. Qc4 d5 16. exd5 Nxd5 17. Bc5 Rd8 18. O-O Ne5 19. Qe4 f5 20. Qe2 Nf4 21. Qe1 Ng4 22. g3 b6 23. Be3 Nh3+ 24. Kg2 Ng5 25. Bxg5 hxg5 26. h3 Bb7+ 27. Kg1 Ne5 28. f4 Qxc2 29. Qe2 Qxe2 30. Bxe2 gxf4 31. gxf4 Nd3 32. Bf3 Bxf3 33. Rxf3 Nxb2 34. Re3 Kf7 35. Kf2 Nd1+ 0-1

[Event "WYCC 2018 G14"]
[Site "Halkidiki"]
[Date "2018.10.28"]
[Round "9"]
[White "Vuong, Quynh Anh"]
[Black "Brunner, Sophia"]
[Result "1/2-1/2"]
[ECO "A57"]
[WhiteElo "1747"]
[BlackElo "1812"]
[Annotator "NA"]
[PlyCount "137"]
[EventDate "2018.10.20"]
[EventType "swiss"]
[EventCountry "GRE"]
[SourceTitle "playchess.com"]
[Source "ChessBase"]
[SourceQuality "1"]
[TimeControl "40/5400+30:1800+30"]

1. d4 Nf6 2. c4 c5 3. d5 b5 4. cxb5 a6 5. e3 d6 6. Nc3 axb5 7. Bxb5+ Bd7 8. Bxd7+ Nbxd7 9. Nf3 g6 10. O-O Bg7 11. h3 O-O 12. e4 Qb6 13. Re1 Rfb8 14. Rb1 Ne8 15. Bd2 Nc7 16. Bg5 Kf8 17. Qd2 Qa5 18. Bh6 Nb5 19. Nxb5 Qxd2 20. Bxg7+ Kxg7 21. Nxd2 Rxb5 22. a3 Ne5 23. Re3 Rab8 24. b3 Ra8 25. Ra1 Rba5 26. a4 Rb5 27. Rc1 Rb4 28. f4 Nd7 29. Nc4 Rab8 30. Rcc3 Ra8 31. Kf2 Nb6 32. Nxb6 Rxb6 33. Kf3 Rb4 34. Ke2 Ra7 35. Kd2 Rd4+ 36. Rcd3 Rb4 37. Rc3 Rd4+ 38. Kc2 Rb4 39. g3 Kg8 40. Re1 Kg7 41. Ree3 Kg8 42. Kd2 Rd4+ 43. Ke2 Kg7 44. Kf3 Kg8 45. Rc1 Rb4 46. Ra1 Kf8 47. Ra3 Ke8 48. Rc3 Kd7 49. Ke3 Kc7 50. Kf3 Kb6 51. Ra1 Ka5 52. Rd1 Rab7 53. Rdd3 Rc7 54. Re3 c4 55. bxc4 Rcxc4 56. Rxc4 Rxc4 57. Rb3 Rc7 58. Rb8 Kxa4 59. Rf8 f6 60. Rf7 h5 61. h4 Kb4 62. Rg7 Kc4 63. Rxg6 Kd4 64. Rh6 Rc3+ 65. Kg2 Kxe4 66. Rxh5 Rc2+ 67. Kh3 Kf3 68. Rh7 Rc1 69. Kh2 1/2-1/2

[Event "WYCC 2018 G14"]
[Site "Halkidiki"]
[Date "2018.10.28"]
[Round "9"]
[White "Zaritovskaja, Margarita"]
[Black "Yellamraju, Ambica"]
[Result "0-1"]
[ECO "C13"]
[WhiteElo "1731"]
[BlackElo "1647"]
[Annotator "NA"]
[PlyCount "126"]
[EventDate "2018.10.20"]
[EventType "swiss"]
[EventCountry "GRE"]
[SourceTitle "playchess.com"]
[Source "ChessBase"]
[SourceQuality "1"]
[TimeControl "40/5400+30:1800+30"]

1. e4 e6 2. d4 d5 3. Nc3 Nf6 4. Bg5 Be7 5. e5 Nfd7 6. h4 Bxg5 7. hxg5 Qxg5 8. Nh3 Qe7 9. Nb5 Nb6 10. Qd2 a6 11. Nc3 Nc6 12. O-O-O Bd7 13. Qg5 Qxg5+ 14. Nxg5 h6 15. f4 Ke7 16. Nf3 h5 17. Be2 Na5 18. Ne1 g6 19. Nd3 Nbc4 20. Nc5 Ne3 21. Rd3 Nf5 22. g4 hxg4 23. Rxh8 Rxh8 24. Bxg4 Rh1+ 25. Rd1 Rxd1+ 26. Nxd1 Nxd4 27. Nc3 Nf5 28. b3 Bc8 29. Kd2 b6 30. Nd3 Bd7 31. Nb4 Bc8 32. Be2 b5 33. Nd3 Nb7 34. a4 Nd4 35. axb5 axb5 36. Bg4 Bd7 37. b4 Be8 38. Na2 Kd7 39. c3 Nf5 40. Nac1 Ng3 41. Bf3 Kc6 42. Ke3 Kb6 43. Nb3 Nf5+ 44. Kd2 Bc6 45. Ndc5 d4 46. Bxc6 dxc3+ 47. Kxc3 Kxc6 48. Nxb7 Kxb7 49. Nc5+ Kc6 50. Kd3 Ng3 51. Na6 Nf5 52. Nc5 Ne7 53. Kd4 Nd5 54. Nd3 Kb6 55. Ke4 c6 56. Kd4 Nxb4 57. Nf2 c5+ 58. Ke4 Nc6 59. Ng4 b4 60. Kd3 Kb5 61. Ne3 g5 62. fxg5 Nxe5+ 63. Kc2 Nf3 0-1

[Event "WYCC 2018 G14"]
[Site "Halkidiki"]
[Date "2018.10.28"]
[Round "9"]
[White "Djordjevic, Nevena"]
[Black "Kouta, Antonia"]
[Result "1-0"]
[ECO "E30"]
[WhiteElo "1704"]
[BlackElo "1812"]
[Annotator "NA"]
[PlyCount "79"]
[EventDate "2018.10.20"]
[EventType "swiss"]
[EventCountry "GRE"]
[SourceTitle "playchess.com"]
[Source "ChessBase"]
[SourceQuality "1"]
[TimeControl "40/5400+30:1800+30"]

1. d4 Nf6 2. c4 e6 3. Nc3 Bb4 4. Bg5 h6 5. Bh4 g5 6. Bg3 Ne4 7. Qc2 f5 8. e3 b6 9. Bd3 Bb7 10. f3 Nxg3 11. hxg3 Qf6 12. Nge2 c5 13. O-O-O cxd4 14. Nxd4 O-O 15. Rh2 Nc6 16. Nce2 Ne5 17. Rdh1 Kg7 18. Kb1 Rh8 19. Bxf5 Rac8 20. Bd3 d5 21. Qb3 dxc4 22. Qxb4 Nxd3 23. Qd6 Nc5 24. g4 Rcd8 25. Qg3 Bc8 26. Rc1 e5 27. Nb5 a6 28. Nbc3 Nd3 29. Ne4 Qe6 30. Rc2 b5 31. Rh1 Bb7 32. Nf2 Nb4 33. Rc3 Nd5 34. Rcc1 Nxe3 35. Nc3 Ba8 36. Rhe1 Qg6+ 37. Nfe4 Nd5 38. Qxe5+ Kf7 39. Nxd5 Rxd5 40. Qxh8 1-0

[Event "WYCC 2018 G14"]
[Site "Halkidiki"]
[Date "2018.10.28"]
[Round "9"]
[White "Kostina, Veronika"]
[Black "Sleurs, Juliette"]
[Result "0-1"]
[ECO "C68"]
[WhiteElo "1700"]
[BlackElo "1812"]
[Annotator "NA"]
[PlyCount "104"]
[EventDate "2018.10.20"]
[EventType "swiss"]
[EventCountry "GRE"]
[SourceTitle "playchess.com"]
[Source "ChessBase"]
[SourceQuality "1"]
[TimeControl "40/5400+30:1800+30"]

1. e4 e5 2. Nf3 Nc6 3. Bb5 a6 4. Bxc6 dxc6 5. d4 exd4 6. Qxd4 Qxd4 7. Nxd4 Nf6 8. f3 Bc5 9. Be3 O-O 10. Nd2 Re8 11. Kf2 Bd7 12. Nf5 Bf8 13. Ng3 Rad8 14. Rhd1 h6 15. Nb3 b6 16. Nd4 c5 17. Nde2 g5 18. Rd2 Be6 19. a3 Bg7 20. Rad1 Rxd2 21. Bxd2 Rd8 22. Ke1 Ne8 23. Bc3 Rxd1+ 24. Kxd1 Bxc3 25. Nxc3 Nd6 26. Ke2 Nc4 27. Nd1 b5 28. Nf1 b4 29. axb4 cxb4 30. Nfe3 Nb6 31. b3 c5 32. Nb2 a5 33. Kd2 Kf8 34. Nbc4 Bxc4 35. Nxc4 Nxc4+ 36. bxc4 Ke7 37. Kc1 Ke6 38. Kb2 Ke5 39. Kb3 Kd4 40. g3 a4+ 41. Kxa4 Kxc4 42. e5 Kc3 43. f4 Kxc2 44. f5 b3 45. e6 b2 46. Kb5 b1=Q+ 47. Kxc5 fxe6 48. fxe6 Qb8 49. Kd5 Kd3 50. e7 Qe8 51. Ke6 Ke4 52. Kf6 g4 0-1

[Event "WYCC 2018 G14"]
[Site "Halkidiki"]
[Date "2018.10.28"]
[Round "9"]
[White "He, Emma"]
[Black "Kasaeva, Sofiia"]
[Result "0-1"]
[ECO "B50"]
[WhiteElo "1674"]
[BlackElo "1874"]
[Annotator "NA"]
[PlyCount "72"]
[EventDate "2018.10.20"]
[EventType "swiss"]
[EventCountry "GRE"]
[SourceTitle "playchess.com"]
[Source "ChessBase"]
[SourceQuality "1"]
[TimeControl "40/5400+30:1800+30"]

1. e4 c5 2. Nf3 d6 3. c3 Nf6 4. h3 Nc6 5. Bd3 d5 6. e5 Nd7 7. Qe2 c4 8. Bc2 Qc7 9. e6 fxe6 10. Qxe6 Nf6 11. Qe2 e5 12. b3 cxb3 13. axb3 Be7 14. Na3 O-O 15. Nb5 Qb8 16. d4 e4 17. Nd2 a6 18. Na3 b5 19. b4 Bf5 20. O-O Qd6 21. f3 Nh5 22. Re1 Bh4 23. fxe4 Nf4 24. Qe3 Bxe1 25. Qxe1 Qg6 26. g3 Nxh3+ 27. Kh2 dxe4 28. Bxe4 Rae8 29. Bd5+ Kh8 30. Qf1 Bg4 31. Nf3 Ne7 32. Bb7 Nc6 33. Bxc6 Qxc6 34. Ne5 Rxf1 35. Nxc6 Rf2+ 36. Kh1 Bf3# 0-1

[Event "WYCC 2018 G14"]
[Site "Halkidiki"]
[Date "2018.10.28"]
[Round "9"]
[White "Hernandez Guerra, Luna Yue"]
[Black "Jaufarally, Nadia"]
[Result "0-1"]
[ECO "B23"]
[WhiteElo "1659"]
[BlackElo "1810"]
[Annotator "NA"]
[PlyCount "100"]
[EventDate "2018.10.20"]
[EventType "swiss"]
[EventCountry "GRE"]
[SourceTitle "playchess.com"]
[Source "ChessBase"]
[SourceQuality "1"]
[TimeControl "40/5400+30:1800+30"]

1. e4 c5 2. Nc3 g6 3. Bc4 Nc6 4. a3 Bg7 5. d3 e6 6. Ba2 Nge7 7. h4 h5 8. Bg5 d6 9. Qd2 b6 10. Nf3 Bb7 11. O-O Qd7 12. Rab1 O-O 13. Ne2 Rfe8 14. Ng3 Kh7 15. c3 d5 16. Qe3 f6 17. exd5 Nxd5 18. Qe4 fxg5 19. Nxg5+ Kh6 20. Nxh5 Kxh5 21. g4+ Kh6 22. h5 Ne5 23. hxg6 Nxg6 24. Bxd5 Qxd5 25. f4 Qxe4 26. dxe4 e5 27. Nf7+ Kh7 28. f5 Nf4 29. Nd6 Re7 30. Rf3 Rd8 31. Nxb7 Rxb7 32. g5 Rd2 33. Kf1 Rbd7 34. b4 Rd1+ 35. Rxd1 Rxd1+ 36. Kf2 cxb4 37. cxb4 Rd3 38. Rg3 Rxg3 39. Kxg3 Bf8 40. Kf3 Be7 41. Kg4 Nd3 42. g6+ Kg7 43. Kf3 Nf4 44. Ke3 Nxg6 45. fxg6 Kxg6 46. Kd3 Kg5 47. Kc4 a5 48. bxa5 bxa5 49. a4 Kf4 50. Kd5 Bb4 0-1

[Event "WYCC 2018 G14"]
[Site "Halkidiki"]
[Date "2018.10.28"]
[Round "9"]
[White "Kong, Sydney"]
[Black "Tamrazyan, Gohar"]
[Result "1/2-1/2"]
[ECO "B32"]
[WhiteElo "1659"]
[BlackElo "1824"]
[Annotator "NA"]
[PlyCount "100"]
[EventDate "2018.10.20"]
[EventType "swiss"]
[EventCountry "GRE"]
[SourceTitle "playchess.com"]
[Source "ChessBase"]
[SourceQuality "1"]
[TimeControl "40/5400+30:1800+30"]

1. e4 c5 2. Nf3 Nc6 3. d4 cxd4 4. Nxd4 e5 5. Nf5 d6 6. Ne3 Nge7 7. Bc4 Ng6 8. Nc3 Be6 9. Ned5 Be7 10. Be3 O-O 11. Qd2 Nh4 12. f3 Rc8 13. Nxe7+ Nxe7 14. Bxe6 fxe6 15. Qf2 Nc6 16. Qd2 Ng6 17. O-O-O Nf4 18. Bxf4 exf4 19. Qxd6 Qxd6 20. Rxd6 e5 21. Rd7 Rf7 22. Rhd1 Nd4 23. Rd5 Re7 24. Rd2 Kf7 25. Nb5 Nxb5 26. Rxb5 Rc6 27. Rdd5 a6 28. Rbc5 Rxc5 29. Rxc5 Kf6 30. Kd2 g5 31. c4 Rg7 32. h3 h5 33. Ke2 g4 34. hxg4 hxg4 35. fxg4 Rxg4 36. Kf2 Rg7 37. Rd5 Ke6 38. Rd3 Rc7 39. Rc3 Rd7 40. Kf3 Rd4 41. Rb3 Rxc4 42. Rxb7 Rc2 43. g3 fxg3 44. Kxg3 Kd6 45. Rb3 Rd2 46. Kf3 Kc5 47. Ke3 Rh2 48. Rb8 Rh3+ 49. Kd2 Rh4 50. Kd3 Rh3+ 1/2-1/2

[Event "WYCC 2018 G14"]
[Site "Halkidiki"]
[Date "2018.10.28"]
[Round "9"]
[White "Figueroa Bernal, Julia Dennis"]
[Black "Murzina, Agata"]
[Result "0-1"]
[ECO "C06"]
[WhiteElo "1650"]
[BlackElo "1768"]
[Annotator "NA"]
[PlyCount "110"]
[EventDate "2018.10.20"]
[EventType "swiss"]
[EventCountry "GRE"]
[SourceTitle "playchess.com"]
[Source "ChessBase"]
[SourceQuality "1"]
[TimeControl "40/5400+30:1800+30"]

1. e4 e6 2. d4 d5 3. Nd2 Nf6 4. e5 Nfd7 5. Bd3 c5 6. c3 Nc6 7. Ne2 cxd4 8. cxd4 f6 9. exf6 Nxf6 10. Nf3 Bd6 11. O-O O-O 12. Re1 Ng4 13. Nc3 Bd7 14. Bxh7+ Kxh7 15. Ng5+ Qxg5 16. Bxg5 Bxh2+ 17. Kh1 Nxf2+ 18. Kxh2 Nxd1 19. Raxd1 Rf2 20. Re2 Raf8 21. Kg3 Rf1 22. Red2 Kg6 23. Rxf1 Rxf1 24. Be3 Ne7 25. Bf2 Nf5+ 26. Kh2 Nd6 27. Bg3 Nc4 28. Rc2 Ra1 29. b3 Ne3 30. Rb2 Kg5 31. Bb8 a6 32. Na4 Rd1 33. Nc5 Bc8 34. Na4 b5 35. Nb6 Bb7 36. Re2 Rd3 37. g3 Ng4+ 38. Kh3 Kf5 39. Be5 g6 40. Nd7 Re3 41. Rxe3 Nxe3 42. Nc5 Bc8 43. Nd3 g5 44. Nf2 g4+ 45. Kh4 Bd7 46. Kh5 a5 47. Nd3 a4 48. Nc5 Bc6 49. Kh6 Nc2 50. Na6 a3 51. b4 Ke4 52. Nc5+ Ke3 53. Kg5 Nxb4 54. Kxg4 Nxa2 55. Kh4 b4 0-1

[Event "WYCC 2018 G14"]
[Site "Halkidiki"]
[Date "2018.10.28"]
[Round "9"]
[White "Kumar, Arya"]
[Black "Sim, Jia Ru"]
[Result "1-0"]
[ECO "B21"]
[WhiteElo "1619"]
[BlackElo "1979"]
[Annotator "NA"]
[PlyCount "85"]
[EventDate "2018.10.20"]
[EventType "swiss"]
[EventCountry "GRE"]
[SourceTitle "playchess.com"]
[Source "ChessBase"]
[SourceQuality "1"]
[TimeControl "40/5400+30:1800+30"]

1. e4 c5 2. d4 cxd4 3. c3 dxc3 4. Nxc3 Nc6 5. Nf3 d6 6. Bc4 e6 7. O-O Nf6 8. Qe2 Be7 9. Rd1 e5 10. Be3 O-O 11. Rac1 Be6 12. b4 Nxb4 13. Nxe5 Qa5 14. Nf3 Bg4 15. h3 Bxf3 16. Qxf3 Rac8 17. Bb3 Nc6 18. Nd5 Nxd5 19. Bxd5 Ne5 20. Qe2 b5 21. f4 Nd7 22. Bd4 Rxc1 23. Rxc1 Nf6 24. Bb3 Qb4 25. Qe3 Bd8 26. e5 Re8 27. a3 Qa5 28. Qf3 Bb6 29. Bxb6 Qxb6+ 30. Kh1 Nd7 31. Rc6 Qa5 32. Qd5 Rf8 33. Rxd6 Qe1+ 34. Kh2 Qe3 35. Rxd7 Qxf4+ 36. g3 Qf2+ 37. Qg2 Qc5 38. Qf3 Kh8 39. Rxf7 Rd8 40. Qf2 Qxf2+ 41. Rxf2 a5 42. e6 a4 43. e7 1-0

[Event "WYCC 2018 G14"]
[Site "Halkidiki"]
[Date "2018.10.28"]
[Round "9"]
[White "Tryggestad, Linnea Garberg"]
[Black "Somton, Anita"]
[Result "0-1"]
[ECO "D35"]
[WhiteElo "1604"]
[BlackElo "1787"]
[Annotator "NA RC"]
[PlyCount "60"]
[EventDate "2018.10.20"]
[EventType "swiss"]
[EventCountry "GRE"]
[SourceTitle "playchess.com"]
[Source "ChessBase"]
[SourceQuality "1"]
[TimeControl "40/5400+30:1800+30"]

1. d4 d5 2. c4 e6 3. Nc3 Nf6 4. e3 a6 5. Nf3 Nbd7 6. Bd3 dxc4 7. Bxc4 b5 8. Bd3 c5 9. Ne4 Bb7 10. Nxf6+ Nxf6 11. dxc5 Bxc5 12. O-O O-O 13. Be2 Qe7 14. a3 Rfd8 15. Qe1 Rac8 16. b4 Bd6 17. Bb2 Ng4 18. g3 h5 19. h3 Nh6 20. Be5 g5 21. Bxd6 Rxd6 22. Nh2 g4 23. hxg4 hxg4 24. Bxg4 Nxg4 25. Nxg4 Qg5 26. Nh2 e5 27. Qe2 Qh6 28. Qg4+ Rg6 29. Qd7 Rb8 30. Qc7 Qxh2+ 0-1

[Event "WYCC 2018 G14"]
[Site "Halkidiki"]
[Date "2018.10.28"]
[Round "9"]
[White "Alimova, Sevinch"]
[Black "Obada, Ema"]
[Result "1/2-1/2"]
[ECO "E47"]
[WhiteElo "1596"]
[BlackElo "1811"]
[Annotator "NA"]
[PlyCount "113"]
[EventDate "2018.10.20"]
[EventType "swiss"]
[EventCountry "GRE"]
[SourceTitle "playchess.com"]
[Source "ChessBase"]
[SourceQuality "1"]
[TimeControl "40/5400+30:1800+30"]

1. d4 e6 2. c4 Nf6 3. Nc3 Bb4 4. e3 O-O 5. Bd3 c5 6. a3 Bxc3+ 7. bxc3 d6 8. Ne2 Nc6 9. O-O b6 10. e4 e5 11. d5 Na5 12. Ng3 Ba6 13. Qe2 Nb3 14. Rb1 Nxc1 15. Rfxc1 g6 16. Qc2 Ne8 17. Rf1 Qh4 18. f3 Ng7 19. Qa4 Bb7 20. Qd7 Qg5 21. f4 exf4 22. Ne2 Bc8 23. Qxd6 f3 24. Rxf3 Bg4 25. Qf4 Qh5 26. Ng3 Qh4 27. Rf2 f5 28. e5 g5 29. Qd2 f4 30. Ne4 Nh5 31. Rbf1 Rae8 32. g3 fxg3 33. hxg3 Nxg3 34. Rxf8+ Rxf8 35. Rxf8+ Kxf8 36. Qf2+ Nf5 37. Qxh4 Nxh4 38. Nxg5 h6 39. Nh7+ Ke7 40. d6+ Kf7 41. Be4 Bf3 42. Bd3 Bc6 43. Kf2 Nf3 44. d7 Ke7 45. e6 Ne5 46. Be2 Be4 47. Nf6 Bf5 48. Nd5+ Kd8 49. Nf4 Nc6 50. Bf3 Ne5 51. Bd5 Ke7 52. Kg3 Kd8 53. Nh5 Ng6 54. Nf6 Nf8 55. e7+ Kxe7 56. Ng8+ Kxd7 57. Nxh6 1/2-1/2

[Event "WYCC 2018 G14"]
[Site "Halkidiki"]
[Date "2018.10.29"]
[Round "10"]
[White "Divya Deshmukh"]
[Black "Lehaci, Miruna-Daria"]
[Result "1-0"]
[ECO "C11"]
[WhiteElo "2180"]
[BlackElo "1933"]
[Annotator "NA"]
[PlyCount "127"]
[EventDate "2018.10.20"]
[EventType "swiss"]
[EventCountry "GRE"]
[SourceTitle "playchess.com"]
[Source "ChessBase"]
[SourceQuality "1"]
[TimeControl "40/5400+30:1800+30"]

1. e4 e6 2. Nf3 d5 3. Nc3 Nf6 4. e5 Nfd7 5. d4 c5 6. dxc5 Bxc5 7. Bd3 Nc6 8. Bf4 {[%emt 0:00:03] LiveBook: 526 Games} f6 9. exf6 Qxf6 10. Bg3 O-O 11. O-O Nd4 12. Be2 Kh8 13. Kh1 b6 14. Bh4 Qf4 15. Bg5 $11 Qf5 16. Nxd4 Bxd4 17. Be7 Bc5 18. Bd3 Qf7 19. Bxf8 Bxf8 20. f4 g6 21. Qe2 Nc5 22. b4 Nxd3 23. Qxd3 Bg7 24. Rae1 Bd7 25. Nb5 a5 26. a3 Qf6 27. c3 Qf5 28. Qxf5 gxf5 29. Nd4 Kg8 30. Rb1 a4 31. g3 Rc8 32. Rbc1 Kf7 33. Kg2 h6 34. Kf3 Rc4 35. Ke3 h5 36. Kd3 Bc8 37. Rb1 Bd7 38. b5 Bf8 39. Ra1 Bd6 40. Rfb1 Rc8 41. Ra2 Kf6 42. Nf3 Rc5 43. Rab2 Rc4 44. Ne5 Bxe5 45. fxe5+ Kxe5 46. Rb4 Rxb4 47. Rxb4 Kd6 48. Kd2 Kc5 49. Rxa4 Bxb5 50. Ra8 Bc6 51. Rh8 d4 52. Rxh5 dxc3+ 53. Kxc3 Kd5 54. Kd3 Ke5 55. Ke3 b5 56. g4 Be8 57. Rh8 f4+ 58. Kf2 Bg6 59. h4 Be4 60. Rf8 Bc2 61. h5 Bh7 62. h6 Ke4 63. Rf7 e5 64. Rxh7 1-0

[Event "WYCC 2018 G14"]
[Site "Halkidiki"]
[Date "2018.10.29"]
[Round "10"]
[White "Song, Yuxin"]
[Black "Kamalidenova, Meruert"]
[Result "1-0"]
[ECO "C75"]
[WhiteElo "2178"]
[BlackElo "1999"]
[Annotator "NA"]
[PlyCount "97"]
[EventDate "2018.10.20"]
[EventType "swiss"]
[EventCountry "GRE"]
[SourceTitle "playchess.com"]
[Source "ChessBase"]
[SourceQuality "1"]
[TimeControl "40/5400+30:1800+30"]

1. e4 e5 2. Nf3 Nc6 3. Bb5 a6 4. Ba4 d6 5. c3 Bd7 6. O-O g6 7. d4 Bg7 8. dxe5 dxe5 9. Bg5 Nge7 10. Qd2 {C76: Ruy Lopez: Deferred Steinitz: 5 c3 Bd7 6 d4 g6} (10. Nbd2 h6 11. Bh4 g5 12. Bg3 Ng6 13. Ne1 Qf6 14. Nd3 Rd8 15. f3 O-O 16. Qc2 Nf4 17. Nxf4 exf4 18. Bf2 {0-1 (43) Sivuk,V (2554)-Demchenko,A (2583) Moscow 2016}) 10... h6 11. Be3 Bg4 12. Qe2 O-O 13. Rd1 Qc8 14. h3 Be6 15. Nbd2 b6 16. Nf1 $146 ({Predecessor:} 16. Bb3 f5 17. Bxe6+ Qxe6 18. exf5 gxf5 {½-½ (26) Boguszlavszkij,J (2320)-Veroci,Z (2305) Hungary 1995}) 16... Nd8 17. Ng3 c5 18. Qd2 Kh7 19. b4 Nb7 20. Bd7 Bxd7 21. Qxd7 $16 Nc6 22. Rab1 Nb8 23. Qd5 Nc6 24. bxc5 bxc5 25. Nd2 Qc7 26. Nb3 Nca5 27. Nxa5 Nxa5 28. Bxc5 Rad8 29. Bd6 Qxc3 30. Rbc1 Qb2 31. Rb1 Qc2 32. Rdc1 Qa4 33. Rc5 Rxd6 34. Qxd6 Qxa2 35. Qb6 Nc4 36. Qb3 Qxb3 37. Rxb3 Nd6 38. Rb6 Nb5 39. Rxa6 Nd4 40. Ra7 Bf6 41. Rcc7 Kg8 42. Rd7 Bg5 43. Nf1 h5 44. g3 h4 45. Kg2 hxg3 46. fxg3 Bh6 47. Nh2 Be3 48. Ng4 Bd2 49. Nxe5 1-0